 Seeded DCSS version 0.31-a0-460-g9e667d4245 (webtiles) character file.

Game seed: 4974466451597650101 (custom seed)

2 AccursedSamuel the Ruffian (level 1, -2/16 HPs)
             Began as a Draconian Shapeshifter on Aug 4, 2023.
             Slain by a quokka (3 damage)
             ... on level 1 of the Dungeon.
             The game lasted 00:00:33 (77 turns).

AccursedSamuel the Ruffian (Draconian Shapeshifter)   Turns: 77, Time: 00:00:34

Health: -2/16      AC:  4    Str: 17    XL:     1   Next: 25%
Magic:  1/1        EV: 12    Int:  8    God:
Gold:   0          SH:  0    Dex: 11    Spells: 0/0 levels left

rFire   . .          .
                       - Unarmed
rCold   . . .        (no shield)
rNeg    . . .        (body armour unavailable)
rPois   .            (helmet currently unavailable)
rElec   .            (cloak currently unavailable)
rCorr   .            (gloves currently unavailable)
SInv    .            (boots currently unavailable)
Will    .....        (no amulet)
Stlth   +            (no ring)
HPRegen 0.22/turn    (no ring)
MPRegen 0.07/turn

%: no passive effects
@: beast-form
A: beast (slay +2), AC +4, unfitting armour, cold-blooded
a: Begin Untransformation


You were on level 1 of the Dungeon.
You were a hulking beast.
You visited 1 branch of the dungeon, and saw 1 of its levels.

Inventory:

Talismans
 b - a beast talisman (active)
Potions
 a - a potion of lignification


   Skills:
 + Level 1.1 Fighting
 + Level 1.7 Dodging
 + Level 3.0 Unarmed Combat
 + Level 3.0 Shapeshifting


You couldn't memorise any spells.
You didn't know any spells.
Your spell library was empty.

Dungeon Overview and Level Annotations

Branches:
Dungeon (1/15)

Altars:


Innate Abilities, Weirdness & Mutations

You are a hulking beast.
Your limbs bulge with bestial killing power. (Slay +2)
Your plain brown scales are hard. (AC +4)
You cannot fit into any form of body armour.
You are cold-blooded and may be slowed by cold attacks.


Message History

The hobgoblin barely misses you. The rat barely misses you.
The giant cockroach misses you. The rat attacks as you move away!
The rat misses you.
A goblin comes into view. It is wielding a +0 club.
Found a leather armour.
The rat closely misses you. The rat barely misses you.
The hobgoblin closely misses you.
You hit the giant cockroach.
The giant cockroach is heavily wounded.
The giant cockroach closely misses you. The rat barely misses you.
The hobgoblin barely misses you. The rat closely misses you.
The giant cockroach bites you but does no damage.
You barely miss the rat. The rat bites you but does no damage.
The kobold hits you but does no damage. The rat misses you.
The hobgoblin hits you but does no damage.
The giant cockroach closely misses you.
The goblin shouts!
You hear an angry hiss.
The rat bites you but does no damage. The kobold hits you with a +0 club.
The rat misses you.
A hobgoblin comes into view.
You closely miss the hobgoblin.
The hobgoblin shouts!
The rat barely misses you. The kobold barely misses you. The rat bites you.
A ball python comes into view.
The hobgoblin hits you.
You hit the rat.
You kill the rat!
The rat bites you but does no damage. The quokka bites you.
* * * LOW HITPOINT WARNING * * *
The kobold hits you with a +0 club.
* * * LOW HITPOINT WARNING * * *
The hobgoblin barely misses you. The rat bites you but does no damage.
The hobgoblin attacks as you move away! The hobgoblin misses you.
The rat attacks as you move away! The rat closely misses you.
The quokka closely misses you. The rat bites you but does no damage.
You hit the rat.
You kill the rat!
The quokka barely misses you. The rat misses you. The hobgoblin hits you.
* * * LOW HITPOINT WARNING * * *
The quokka bites you.
You die...

#.. ..... ........#.....
...##
#.#..!..#.)......... #
...............#.#.
$.##.#.....###..##.#. .
.................... ...
#.?.........##.##.
.....##rg........# #....
...>...hKB.)..[..###.)..
.......Kr..............#
.....g...........####.##
....gS........#.........
..[...........##..#...##
............#####......
............# .#.####
............. ....# .
....... ....# .


You could see a quokka, a giant cockroach, 2 hobgoblins, a goblin, a ball
python, 2 kobolds and a rat.

Vanquished Creatures
  A bat (D:1)
  A kobold (D:1)
  2 rats (D:1)
4 creatures vanquished.

Notes
Turn   | Place    | Note
-------+----------+-------------------------------------------
     0 | D:1      | AccursedSamuel the Draconian Shapeshifter began the quest
                  | for the Orb.
     0 | D:1      | Reached XP level 1. HP: 16/16 MP: 1/1
    77 | D:1      | Slain by a quokka

Illustrated notes

Levels and vault maps discovered:
D:1:      matt_arrival_los_fun, layout_rooms, basic_ecumenical_altar

Action                     || total
---------------------------++-------
  Melee: Unarmed           ||    10
 Armour: Skin              ||    19
  Dodge: Dodged            ||    51

Table legend: (Time is in decaauts)
 A = Elapsed time spent in this place.
 B = Non-inter-level travel time spent in this place.
 C = Inter-level travel time spent in this place.
 D = Time resting spent in this place.
 E = Time spent auto-exploring this place.
 F = Levels seen in this place.
 G = Mean time per level.
                   A        B        C        D        E       F      G
               +--------+--------+--------+--------+--------+-----+--------+
         Total |     76 |     76 |      0 |      0 |      0 |   1 |   76.0 |
       Dungeon |     76 |     76 |      0 |      0 |      0 |   1 |   76.0 |
               +--------+--------+--------+--------+--------+-----+--------+

Top non-repeatable levels by time:
     D:1: 76 daAuts
